 Dungeon Crawl Stone Soup version 0.27.1-34-g3ba077fa99 (webtiles) character file.

Game seed: 1861954180216478393

294 cbfl8 the Insei (level 6, -1/47 HPs)
             Began as a Draconian Transmuter on Jan 12, 2022.
             Was a Follower of Okawaru.
             Succumbed to a scorpion's poison
             ... on level 4 of the Dungeon.
             The game lasted 00:15:35 (7230 turns).

cbfl8 the Insei (Draconian Transmuter)              Turns: 7230, Time: 00:15:36

Health: -1/47      AC:  7    Str: 13    XL:     6   Next: 11%
Magic:  9/9        EV: 10    Int: 13    God:    Okawaru [*.....]
Gold:   62         SH: 13    Dex: 13    Spells: 4/9 levels left

rFire    . . .     SeeInvis .   y - staff of cold
rCold    + . .     Faith    .   w - +0 kite shield
rNeg     . . .     Spirit   .   (armour unavailable)
rPois    .         Reflect  +   (helmet restricted)
rElec    .         Harm     .   d - +0 cloak
rCorr    .         Rampage  .   (no gloves)
Will     .....                  (no boots)
Stlth    ++........             z - amulet of reflection
HPRegen  0.15/turn              (no ring)
MPRegen  0.11/turn              (no ring)

@: lethally poisoned (-1 -> -9)
A: AC +6, unfitting armour, cold-blooded
a: Renounce Religion, Heroism


You were on level 4 of the Dungeon.
You worshipped Okawaru.
Okawaru was aware of your devotion.
You visited 1 branch of the dungeon, and saw 4 of its levels.

You collected 110 gold pieces.
You spent 48 gold pieces at shops.

Inventory:

Hand Weapons
 a - a +0 short sword
 b - a +0 whip
 f - a +0 club
 g - a +0 club
 h - a +0 dagger
 k - a +0 short sword
 o - a +0 dagger
 r - a +0 club
 s - a +0 short sword
 v - a +0 dagger
 A - a +0 dagger
 C - a +0 club
 G - a +0 club
 H - a +0 hand axe
 K - a +0 dagger
 L - a +0 dagger
 S - a +0 flail
 T - a +0 dagger
 W - a +0 war axe
 X - a +0 whip
 Y - a +0 short sword
Missiles
 e - 52 stones
 m - 20 arrows
 B - 7 poisoned darts
 I - 13 boomerangs
 M - 15 sling bullets
 Q - a throwing net
 U - 32 bolts
Armour
 c - a +0 helmet
 d - a +0 cloak (worn)
 i - a +0 ring mail
 n - a +0 ring mail
 q - a +0 leather armour
 u - a +0 ring mail
 w - a +0 kite shield (worn)
 J - a +0 chain mail
 P - a +0 scale mail
Magical Staves
 y - a staff of cold (weapon)
Jewellery
 z - an amulet of reflection (around neck)
Scrolls
 j - a scroll of vulnerability {unknown}
 l - 6 scrolls of identify {unknown}
 p - a scroll of fog {unknown}
 E - 2 scrolls of noise
 N - a scroll of fear {unknown}
Potions
 x - a potion of lignification {unknown}
 F - a potion of berserk rage {unknown}
 O - a potion of flight {unknown}
 R - a potion of ambrosia {unknown}
 V - a potion of resistance {unknown}


   Skills:
 + Level 1.5 Fighting
 + Level 2.1 Short Blades
 + Level 1.2 Staves
 + Level 3.3 Dodging
 + Level 1.2 Stealth
 + Level 2.6 Shields
 + Level 3.4 Unarmed Combat
 + Level 2.2 Spellcasting
 + Level 2.2 Transmutations


You had 4 spell levels left.
You knew the following spells:

 Your Spells              Type           Power      Damage    Failure   Level
a - Beastly Appendage     Tmut           14%        N/A       43%         1
b - Ice Form              Ice/Tmut       6%         N/A       100%        4

Your spell library contained the following spells:

 Spells                   Type           Power      Damage    Failure   Level
 Wereblood                Tmut           7%         N/A       58%         2
 Spider Form              Tmut/Pois      2%         N/A       92%         3
 Iskenderun's Battlesphe  Conj           1%         2d6       100%        5
 Iron Shot                Conj/Erth      0%         9d1       100%        6
 Spellforged Servitor     Conj/Summ      0%         N/A       100%        7


Dungeon Overview and Level Annotations

Branches:
Dungeon (4/15)
 Temple: D:4-7

Altars:
Okawaru
Uskayaw

Shops:
D:3 ?


Innate Abilities, Weirdness & Mutations

Your plain brown scales are hard. (AC +6)
You cannot fit into any form of body armour.
You are cold-blooded and may be slowed by cold attacks.


Message History

You barely miss the scorpion. You tail-slap the scorpion.
The scorpion is moderately wounded.
You feel very sick. You block the scorpion's attack.
You block the hobgoblin's attack.
An endoplasm comes into view.
The scorpion stings you.
You are lethally poisoned!
The scorpion poisons you! You block the hobgoblin's attack.
The endoplasm quivers.
You hit the scorpion but do no damage.
The scorpion is moderately wounded.
* * * LOW HITPOINT WARNING * * *
You feel very sick.
The scorpion stings you but does no damage.
The hobgoblin closely misses you.
A hobgoblin comes into view.
The scorpion stings you!
* * * LOW HITPOINT WARNING * * *
Unknown command.
It was a potion of heal wounds.
You feel much better.
You feel very sick. You block the hobgoblin's attack. The scorpion stings you.
* * * LOW HITPOINT WARNING * * *
You are lethally poisoned!
The scorpion poisons you!
As you read the scroll of teleportation, it crumbles to dust.
You feel strangely unstable.
* * * LOW HITPOINT WARNING * * *
You feel very sick. You block the hobgoblin's attack.
The scorpion barely misses you.
* * * LOW HITPOINT WARNING * * *
You feel very sick. The scorpion completely misses you.
Your surroundings suddenly seem different.
Found 9 gold pieces.
* * * LOW HITPOINT WARNING * * *
You feel very sick.
* * * LOW HITPOINT WARNING * * *
You feel sick.
You die...

## ..
#.
#.####
#.#....
#.....#
#.# #.#
#@# #$#
#..
#### ##
.. #.
#. ###.


There were no monsters in sight!

Vanquished Creatures
  A water moccasin skeleton (D:3)
  2 hounds (D:4)
  2 centaur skeletons
  3 adders
  An adder skeleton (D:4)
  3 worms
  3 dart slugs
  6 orcs
  3 ball pythons
  9 bats
  8 endoplasms
  2 giant cockroaches
  2 goblins
  11 hobgoblins
  3 jackals (D:1)
  3 quokkas
  2 frilled lizards
  9 kobolds
  11 rats
84 creatures vanquished.

Notes
Turn   | Place    | Note
-------+----------+-------------------------------------------
     0 | D:1      | cbfl8 the Draconian Transmuter began the quest for the Orb.
     0 | D:1      | Reached XP level 1. HP: 16/16 MP: 3/3
   633 | D:1      | Reached XP level 2. HP: 23/23 MP: 5/5
  1406 | D:1      | Reached skill level 1 in Short Blades
  1413 | D:1      | Reached XP level 3. HP: 22/28 MP: 6/6
  1609 | D:1      | Found a faded altar of an unknown god.
  1871 | D:1      | Became a worshipper of Warmaster Okawaru
  1871 | D:1      | Reached * piety under Okawaru
  3758 | D:2      | Reached XP level 4. HP: 35/35 MP: 7/7
  4827 | D:3      | Reached skill level 1 in Stealth
  5178 | D:3      | Learned a level 4 spell: Ice Form
  5350 | D:3      | Reached skill level 1 in Shields
  5350 | D:3      | Reached XP level 5. HP: 17/40 MP: 8/8
  5787 | D:3      | Found Jaamejill's Magic Scroll Boutique.
  5796 | D:3      | Bought a scroll of teleportation for 36 gold pieces
  5796 | D:3      | Bought a scroll of noise for 12 gold pieces
  5827 | D:3      | Reached skill level 1 in Staves
  6983 | D:4      | Found a hide-covered altar of Uskayaw.
  7190 | D:4      | Reached XP level 6. HP: 21/47 MP: 7/9
  7224 | D:4      | HP: 2/47 [scorpion (8)]
  7229 | D:4      | HP: 1/47 [poisoned by a scorpion]
  7230 | D:4      | Succumbed to a scorpion's poison

Illustrated notes

Levels and vault maps discovered:
D:1:      dpeg_arrival_rooms_c, layout_loops_cross,
          ebering_ecumenical_altar_abandoned
D:2:      layout_basic
D:3:      layout_basic, serial_shops, nicolae_shop_stone, grunt_decor_fettered
D:4:      minmay_diamond_boxcup, layout_basic, kennysheep_mini_moat

Skill      XL: |  1  2  3  4  5 |
---------------+----------------+-----
Dodging        | 2 3 |  3.3
Short Blades   | 1 2 |  2.1
Stealth        | 1 |  1.2
Shields        | 1 2 |  2.6
Staves         | 1 |  1.2
Fighting       | |  1.5
Unarmed Combat | |  3.4
Spellcasting   | |  2.2
Transmutations | |  2.2

Action                   |  1- 3 |  4- 6 || total
-------------------------+-------+-------++-------
Melee: Short sword       |   163 |    11 ||   174
       Tailslap          |    23 |    21 ||    44
       Unarmed           |     2 |       ||     2
       Punch             |     2 |       ||     2
       Staff             |       |   226 ||   226
       Headbutt          |       |    10 ||    10
       Kick              |       |     6 ||     6
 Cast: Beastly Appendage |       |     6 ||     6
  Use: Scroll            |       |     1 ||     1
       Potion            |       |     1 ||     1
 Stab: Sleeping          |     1 |     3 ||     4
Armor: Skin              |    87 |   117 ||   204
Dodge: Dodged            |   126 |   169 ||   295
Block: Kite shield       |     8 |   229 ||   237
       Reflection        |       |     8 ||     8
